Map: New Gettysburg LE

Players

SuperMike

  • Race: Protoss Protoss
  • League: Gold
  • Spawn Location: 7:00

Fropez - Winner!

  • Race: Protoss Protoss
  • League: Gold
  • Spawn Location: 5:00

VOD

Have the link to the VOD?

Description

Time

  • Played on: Oct. 11, 2016, 5:34 p.m.
  • Length: 9:24
Show
View Real Time Build Order
Export as new Build Order

SuperMike Protoss 

Build Orders: 1 Gate Expand 

Get SALT Encoding   

  12  0:01  Probe (Chrono Boost)  
  13  0:12  Probe (Chrono Boost)  
  14  0:19  Pylon  
  14  0:23  Probe (Chrono Boost)  
  15  0:37  Probe (Chrono Boost)  
  15  0:40  Gateway  
  16  0:46  Assimilator  
  16  0:48  Probe (Chrono Boost)  
  17  0:58  Probe (Chrono Boost)  
  18  1:09  Probe (Chrono Boost)  
  19  1:20  Probe (Chrono Boost)  
  20  1:28  Nexus  
  20  1:40  Probe (Chrono Boost)  
  20  1:45  Assimilator  
  21  1:50  Cybernetics Core  
  21  1:55  Probe (Chrono Boost)  
  22  2:06  Probe (Chrono Boost)  
  23  2:15  Gateway  
  23  2:18  Pylon  
  23  2:36  Adept (Chrono Boost)  
  26  2:44  Mothership Core (Chrono Boost)  
  27  3:19  Twilight Council  
  25  3:21  Warp Gate  
  25  3:25  Probe  
  26  3:37  Probe  
  27  3:43  Probe  
  28  3:54  Probe  
  28  4:00  Stalker (Chrono Boost)  
  33  4:04  Probe, Stalker (Chrono Boost)  
  33  4:05  Pylon  
  34  4:10  Gateway  
  27  4:30  Dark Shrine  
  25  4:48  Probe  
  26  4:58  Probe  
  20  5:10  Probe  
  8  5:42  Dark Templar  
  8  5:43  Dark Templar x2  
  14  5:51  Probe  
  15  6:03  Probe  
  16  6:15  Probe  
  16  6:48  Nexus  
  7  7:25  Pylon  
  7  8:03  Probe  
  8  8:18  Probe  
Show
View Real Time Build Order
Export as new Build Order

Fropez Protoss - Winner!

Build Orders: 1 Gate Expand 

Get SALT Encoding   

  12  0:01  Probe (Chrono Boost)  
  13  0:13  Pylon  
  13  0:18  Probe (Chrono Boost)  
  14  0:29  Probe (Chrono Boost)  
  15  0:36  Gateway  
  15  0:39  Probe (Chrono Boost)  
  16  0:50  Probe (Chrono Boost)  
  17  1:14  Nexus  
  18  1:25  Cybernetics Core  
  17  1:30  Assimilator  
  17  1:32  Probe (Chrono Boost)  
  18  1:55  Probe (Chrono Boost)  
  18  1:56  Assimilator  
  19  2:03  Adept (Chrono Boost)  
  22  2:08  Probe  
  22  2:20  Probe  
  23  2:23  Warp Gate (Chrono Boost)  
  23  2:28  Pylon, Probe  
  25  2:41  Mothership Core (Chrono Boost)  
  25  2:42  Probe (Chrono Boost)  
  25  2:43  Adept (Chrono Boost)  
  29  2:53  Pylon  
  29  2:54  Pylon  
  29  3:00  Probe (Chrono Boost)  
  30  3:11  Probe (Chrono Boost)  
  29  3:25  Pylon  
  29  3:27  Pylon  
  29  3:38  Probe (Chrono Boost)  
  29  3:40  Probe (Chrono Boost)  
  31  3:46  Gateway  
  31  3:49  Gateway  
  31  3:51  Gateway  
  31  3:54  Gateway  
  30  3:59  Probe  
  29  4:30  Probe  
  31  4:31  Probe  
  30  4:49  Adept x4  
  38  4:54  Mothership Core (Chrono Boost)  
  39  5:04  Twilight Council  
  39  5:06  Gateway  
  39  5:10  Pylon  
  39  5:11  Stalker  
  39  5:12  Stalker x2  
  45  5:16  Pylon  
  45  5:23  Probe (Chrono Boost)  
  45  5:25  Probe (Chrono Boost)  
  43  5:33  Probe (Chrono Boost)  
  43  5:34  Assimilator  
  45  5:36  Probe (Chrono Boost), Assimilator  
  45  5:43  Pylon  
  45  5:44  Probe  
  45  5:49  Probe  
  47  5:50  Stalker  
  47  5:51  Stalker  
  51  6:05  Pylon, Robotics Facility  
  34  6:46  Nexus  
  33  8:10  Assimilator  
  33  8:12  Assimilator  
  33  8:15  Pylon  
  27  9:14  Nexus  
Tags
 
Add a new tag
Caveats
  • Supply blocks, unpowered buildings, or Contaminate may cause inaccurate times.
  • Supply counts are checked every 10 seconds.